 Dungeon Crawl Stone Soup version 0.27.1-34-g3ba077fa99 (webtiles) character file.

Game seed: 3447169536777319508

137 Delamore the Sneak (level 5, -4/34 HPs)
             Began as an Octopode Brigand on Feb 11, 2022.
             Hit by a boomerang thrown by an orc (6 damage)
             ... on level 3 of the Dungeon.
             The game lasted 00:01:56 (2690 turns).

Delamore the Sneak (Octopode Brigand)               Turns: 2690, Time: 00:01:57

Health: -4/34      AC:  1    Str: 16    XL:     5   Next: 20%
Magic:  0/5        EV: 12    Int: 20    God:
Gold:   88         SH:  0    Dex: 14    Spells: 4/4 levels left

rFire    . . .     SeeInvis .   a - +2 dagger
rCold    . . .     Faith    .   (no shield)
rNeg     . . .     Spirit   +   (helmet restricted)
rPois    .         Reflect  .   h - amulet of guardian spirit
rElec    .         Harm     .   f - +6 ring of intelligence
rCorr    .         Rampage  .   d - +6 ring of strength
Will     .....                  (no ring)
Stlth    +++++.....             (no ring)
HPRegen  0.11/turn              (no ring)
MPRegen  0.09/turn              (no ring)
                                (no ring)
                                (no ring)

@: no status effects
A: almost no armour, amphibious, 8 rings, camouflage 1, gelatinous body 1,
(nimble swimmer 1), tentacles
a: no special abilities


You were on level 3 of the Dungeon.
You visited 1 branch of the dungeon, and saw 3 of its levels.

You collected 88 gold pieces.

Inventory:

Hand Weapons
 a - a +2 dagger (weapon)
Missiles
 b - 8 poisoned darts (quivered)
Jewellery
 d - a +6 ring of strength (right tentacle)
 f - a +6 ring of intelligence (left tentacle)
 h - an amulet of guardian spirit (around mantle)
Scrolls
 g - a scroll of identify {unknown}
 j - a scroll of enchant armour {unknown}
Potions
 e - a potion of attraction {unknown}
 i - a potion of lignification {unknown}
 k - a potion of degeneration {unknown}
 l - a potion of curing {unknown}


   Skills:
 - Level 2.0 Fighting
 + Level 3.3 Short Blades
 - Level 2.0 Throwing
 - Level 1.0 Dodging
 * Level 7.8 Stealth


You had 4 spell levels left.
You didn't know any spells.
Your spell library contained the following spells:

 Spells                   Type           Power      Damage    Failure   Level
 Animate Skeleton         Necr           0%         N/A       19%         1
 Pain                     Necr           0%         1d4       19%         1
 Summon Small Mammal      Summ           0%         N/A       19%         1
 Call Canine Familiar     Summ           0%         N/A       50%         3
 Gell's Gravitas          Tloc           0%         N/A       50%         3
 Summon Guardian Golem    Hex/Summ       0%         N/A       50%         3
 Teleport Other           Tloc           0%         N/A       50%         3
 Vampiric Draining        Necr           0%         2d6       50%         3
 Dispersal                Tloc           0%         N/A       100%        6


Dungeon Overview and Level Annotations

Branches:
Dungeon (3/15)

Altars:
Ashenzari

Shops:
D:1 (


Innate Abilities, Weirdness & Mutations

You cannot wear most types of armour.
You are amphibious.
You can wear up to eight rings at the same time.
Your skin changes colour to match your surroundings (Stealth+).
Your rubbery body absorbs attacks. (AC +1, EV +1)
((You are camouflaged near water. (Stealth+)))
You have tentacles for arms and can constrict up to eight enemies at once.


Message History

You constrict the orc priest.
The orc priest calls down the wrath of Beogh upon you.
Beogh smites you!
You are too injured to fight recklessly!
You hit the orc priest.
You kill the orc priest!
The orc barely misses you.
Throw: 2 darts (curare)
Press: ? - help, Q - select action, (/) - cycle Shift-Dir - straight line, f - orc
Aim: an orc, wielding a +0 club, wearing a +0 ring mail and quivering boomerangs (64% to hit)
You throw a curare-tipped dart.
The curare-tipped dart barely misses the orc.
The curare-tipped dart closely misses the orc priest.
The curare-tipped dart hits the orc.
The orc is poisoned.
The orc convulses.
You kill the orc!
The orc barely misses you. The orc hits you with a +0 club.
* * * LOW HITPOINT WARNING * * *
Throw: dart (curare)
Press: ? - help, Q - select action, (/) - cycle Shift-Dir - straight line, f - orc priest, p - orc
Aim: an orc priest, wielding a +0 flail and wearing a +0 leather armour (60% to hit)
You throw a curare-tipped dart.
The curare-tipped dart closely misses the orc.
The curare-tipped dart hits the orc priest.
The orc priest is poisoned.
The orc priest convulses.
The orc priest seems to slow down.
The orc priest is almost dead.
The orc hits you with a +0 club.
* * * LOW HITPOINT WARNING * * *
You closely miss the orc priest. Your grab misses the orc priest.
The orc priest is almost dead.
You kill the orc priest!
The orc hits you with a +0 club.
* * * LOW HITPOINT WARNING * * *
You have reached level 5!
You feel clever.
Okay, then.
Okay, then.
The orc throws a boomerang.
The boomerang hits you.
You die...

.....# #..........#
.....###..........# ..
......########....#...
..###... .........#..
..# ...
.........#.##### ..#
......##.#...... ###
.........$......
................
.......@.o......
...[.....)..(...
.......†o#......
......###.......
...... ....... ......
....... ..#... .......
..#.. ....... ..
......


You could see 2 orcs.

Vanquished Creatures
  2 orc priests (D:3)
  3 adders (D:2)
  A worm (D:2)
  2 dart slugs
  An orc (D:3)
  2 endoplasms
  A giant cockroach (D:3)
  4 goblins
  4 hobgoblins
  4 quokkas
  6 ball pythons (D:1)
  6 bats
  3 frilled lizards (D:1)
  7 kobolds
  3 rats
49 creatures vanquished.

Notes
Turn   | Place    | Note
-------+----------+-------------------------------------------
     0 | D:1      | Delamore the Octopode Brigand began the quest for the Orb.
     0 | D:1      | Reached XP level 1. HP: 14/14 MP: 1/1
    98 | D:1      | Reached XP level 2. HP: 13/19 MP: 2/2
   402 | D:1      | Found a faded altar of an unknown god.
   415 | D:1      | Reached skill level 6 in Stealth
   892 | D:1      | Found Ameowkei's Antique Weapon Emporium.
  1260 | D:1      | Reached XP level 3. HP: 24/24 MP: 3/3
  1998 | D:2      | Reached skill level 7 in Stealth
  1998 | D:2      | Reached XP level 4. HP: 22/29 MP: 4/4
  2422 | D:3      | Found a broken altar of Ashenzari.
  2689 | D:3      | HP: 1/29 [orc (4)]
  2690 | D:3      | Reached XP level 5. HP: 2/34 MP: 0/5
  2690 | D:3      | Hit by a boomerang thrown by an orc

Illustrated notes

Levels and vault maps discovered:
D:1:      mainiacjoe_arrival_reflecting_pool, layout_basic,
          chequers_ecumenical_altar_simple, serial_shops,
          nicolae_shop_behind_doors
D:2:      layout_loops_corners
D:3:      minmay_evil_eye, layout_basic, nicolae_ashenzari_panopticon,
          kennysheep_generic_room_14, uniq_natasha

Skill      XL: |  1  2  3  4 |
---------------+-------------+-----
Stealth        | 6 7 |  7.8
Short Blades   | 3 |  3.3
Fighting       | |  2.0
Throwing       | |  2.0
Dodging        | |  1.0

Action                   |  1- 3 |  4- 6 || total
-------------------------+-------+-------++-------
Melee: Dagger            |    53 |    26 ||    79
       Tentacles         |     6 |     5 ||    11
       Constrict         |     8 |     8 ||    16
Throw: Dart              |       |     2 ||     2
  Use: Scroll            |     1 |       ||     1
 Stab: Sleeping          |    17 |     2 ||    19
Armor: Skin              |     2 |     4 ||     6
Dodge: Dodged            |    20 |    13 ||    33
